 Dungeon Crawl Stone Soup version 0.31-a0-271-gb88eb75e06 (webtiles) character file.

Game seed: 8763689355492366650

139572 HallandMoats the Warrior (level 16, -5/96 HPs)
             Began as a Demonspawn Fighter on July 15, 2023.
             Was an Elder of Okawaru.
             Shot with an arrow by a deep elf archer (10 damage)
             ... on level 1 of the Elven Halls.
             The game lasted 01:14:37 (42062 turns).

HallandMoats the Warrior (Demonspawn Fighter)      Turns: 42062, Time: 01:14:38

Health: -5/96      AC: 40    Str: 19      XL:     16   Next: 73%
Magic:  0/27       EV: 15    Int:  0 (11) God:    Okawaru [****..]
Gold:   1954       SH: 12    Dex: 20      Spells: 15/15 levels left

rFire   + . .        a - +9 broad axe (heavy)
rCold   + + .        v - +0 buckler of Etrog {rC+}
rNeg    + . .        b - +8 plate armour "Fusoicw" {rPois Will+ Dex+4}
rPois   +            (helmet unavailable)
rElec   .            G - +2 cloak of Okawaru's Displeasure {rF+}
rCorr   .            o - +0 pair of gloves
SInv    +            (no boots)
Will    ++++.        H - amulet of guardian spirit Stlth
                     u - ring "Taprerph" {+Blink rPois rN+ Will++ Str-3}
HPRegen 0.36/turn    f - ring of protection from cold
MPRegen 0.20/turn

%: random rage (3%), guardian spirit
@: heroic, slowed, lost intelligence, bezotted, unable to read, very slow
A: antennae 3, slimy green scales 2, icemail 2, spiny 1, condensation shield,
agile 1, berserk 1, MP-powered wands
a: Renounce Religion, Evoke Blink, Heroism, Finesse


You were on level 1 of the Elven Halls.
You worshipped Okawaru.
Okawaru was greatly pleased with you.
You visited 6 branches of the dungeon, and saw 25 of its levels.

You collected 3537 gold pieces.
You spent 1583 gold pieces at shops.

Inventory:

Hand Weapons
 a - a +9 heavy broad axe (weapon)
Missiles
 B - a throwing net
Armour
 b - the +8 plate armour "Fusoicw" (worn) {rPois Will+ Dex+4}
   (Okawaru gifted it to you on level 1 of the Elven Halls)

   Dex:       It affects your dexterity (+4).
   rPois:     It protects you from poison.
   Will:      It increases your willpower.
 o - a +0 pair of gloves (worn)
 v - the +0 buckler of Etrog (worn) {rC+}
   (You took it off a gnoll sergeant on level 3 of the Dungeon)

   rC:        It protects you from cold.
 z - the +5 ring mail "Tybbih Rixui" {Contam rN+ rCorr Int+6}
   (You took it off a gnoll sergeant on level 3 of the Dungeon)

   Int:       It affects your intelligence (+6).
   rN:        It protects you from negative energy.
   Contam:    It causes magical contamination when unequipped.
   rCorr:     It protects you from acid and corrosion.
 C - +0 ice dragon scales
 G - the +2 cloak of Okawaru's Displeasure (worn) {rF+}
   (Okawaru gifted it to you on level 14 of the Dungeon)

   rF:        It protects you from fire.
Jewellery
 f - a ring of protection from cold (right hand)
 i - a ring of flight
 u - the ring "Taprerph" (left hand) {+Blink rPois rN+ Will++ Str-3}
   (You found it on level 8 of the Dungeon)

   [ring of positive energy]

   Str:       It affects your strength (-3).
   rPois:     It protects you from poison.
   rN:        It protects you from negative energy.
   +Blink:    It lets you blink.
   Will:      It greatly increases your willpower.
 H - an amulet of guardian spirit (around neck)
Talismans
 g - a dragon-blood talisman
Wands
 e - a wand of digging (10)
 n - a wand of paralysis (23)
 q - a wand of light (7)
 y - a wand of roots (8)
Scrolls
 h - 4 scrolls of fear
 k - 4 scrolls of identify
 l - 6 scrolls of revelation
 r - 6 scrolls of silence
 w - 4 scrolls of teleportation
 x - 5 scrolls of fog
 A - a scroll of blinking
 F - 2 scrolls of enchant armour
 J - 3 scrolls of poison
Potions
 c - 3 potions of curing
 d - 5 potions of brilliance
 m - 3 potions of magic
 p - 5 potions of cancellation
 s - 3 potions of lignification
 E - 4 potions of resistance


   Skills:
 * Level 18.9(23.9) Fighting
 + Level 12.6(17.6) Axes
 + Level 9.5(14.5) Armour
 + Level 12.1(17.1) Dodging
 - Level 9.2(14.2) Shields
 + Level 15.7 Invocations


You had 15 spell levels left.
You didn't know any spells.
Your spell library contained the following spells:

 Spells                   Type           Power      Damage    Failure   Level
 Magic Dart               Conj           0%         1d3       100%        1
 Sandblast                Erth           0%         2d4       100%        1
 Slow                     Hex            0%         N/A       100%        1
 Cigotuvi's Dreadful Rot  Necr/Pois/Air  0%         N/A       100%        2
 Ensorcelled Hibernation  Hex/Ice        0%         N/A       100%        2
 Passwall                 Tmut/Erth      0%         N/A       100%        2
 Searing Ray              Conj           0%         2d4       100%        2
 Confusing Touch          Hex            0%         N/A       100%        3
 Gell's Gravitas          Tloc           0%         N/A       100%        3
 Hailstorm                Conj/Ice       0%         3d3       100%        3
 Ignite Poison            Fire/Tmut/Pois 0%         N/A       100%        3
 Portal Projectile        Hex/Tloc       0%         N/A       100%        3
 Stone Arrow              Conj/Erth      0%         3d7       100%        3
 Teleport Other           Tloc           0%         N/A       100%        3
 Vampiric Draining        Necr           0%         2d6       100%        3
 Anguish                  Hex/Necr       0%         N/A       100%        4
 Fulminant Prism          Conj/Hex       0%         3d5       100%        4
 Iskenderun's Mystic Bla  Conj/Tloc      0%         2d3       100%        4
 Manifold Assault         Tloc           0%         N/A       100%        4
 Alistair's Intoxication  Tmut/Pois      0%         N/A       100%        5
 Borgnjor's Vile Clutch   Necr/Erth      0%         N/A       100%        5
 Freezing Cloud           Conj/Ice/Air   0%         6-21      100%        5
 Dispersal                Tloc           0%         N/A       100%        6
 Eringya's Noxious Bog    Tmut/Pois      0%         4d6       100%        6
 Borgnjor's Revivificati  Necr           0%         N/A       100%        8
 Disjunction              Tloc           0%         N/A       100%        8
 Death's Door             Necr           0%         N/A       100%        9
 Tukima's Dance           Hex            Unusable   N/A       N/A         3
 Summon Ice Beast         Ice/Summ       Unusable   N/A       N/A         4
 Simulacrum               Ice/Necr       Unusable   N/A       N/A         6
 Haunt                    Necr/Summ      Unusable   N/A       N/A         7

Dungeon Overview and Level Annotations

Branches:
Dungeon (15/15) Temple (0/1) D:4 Lair (5/5) D:10 Shoals (0/4) Lair:3 Spider (1/4) Lair:3 Slime (0/5) Lair:4 Orc (2/2) D:9 Zot: 994 Elf (1/3) Orc:2 Zot: 303 Vaults (0/5) D:13 D:14 Depths (1/4) D:15

Altars:
Ashenzari
Cheibriados
Fedhas
Gozag
Kikubaaqudgha
Makhleb
Okawaru
Uskayaw
Vehumet
Xom
Yredelemnul

Shops:
D:5 [   Orc:1 *   Orc:2 (==(   Depths:1 [(*?

Portals:
Hell: Depths:1
Trove: D:10 (give 6 scrolls of blinking)


Innate Abilities, Weirdness & Mutations

You have a pair of large antennae on your head. (SInv)
You are mostly covered in slimy green scales. (AC +3)
A meltable icy envelope protects you from harm. (AC +8)
You are partially covered in sharp spines.
A meltable shield of frost defends you. (SH +4)
You are agile. (Dex +4, Str/Int -1)
You sometimes lose your temper in combat.
You expend magic power (3 MP) to strengthen your wands.


Message History

The deep elf archer shoots an arrow.
You block the arrow.
The deep elf archer shoots an arrow.
The arrow barely misses you.
The deep elf archer shoots an arrow.
The arrow barely misses you.
The deep elf archer gestures wildly while chanting.
The deep elf archer blinks!
The deep elf archer shoots an arrow.
The arrow misses you.
The deep elf archer shoots an arrow.
The arrow closely misses you.
The deep elf archer shoots an arrow.
The arrow hits you but does no damage.
The deep elf archer shoots an arrow.
You block the arrow.
The deep elf archer shoots an arrow.
The arrow hits you.
* * * LOW HITPOINT WARNING * * *
Found a scroll of vulnerability.
The deep elf archer shoots an arrow.
You block the arrow.
The deep elf archer shoots an arrow.
The arrow hits you.
* * * LOW HITPOINT WARNING * * *
The deep elf archer shoots an arrow.
You block the arrow.
The deep elf archer casts a spell.
The deep elf archer blinks!
The deep elf archer shoots an arrow.
You block the arrow.
Found a scroll of identify.
The deep elf archer shoots an arrow.
The arrow hits you!!
* * * LOW HITPOINT WARNING * * *
The deep elf archer shoots an arrow.
The arrow misses you.
The deep elf archer shoots an arrow.
The arrow hits you but does no damage.
The deep elf archer unwields a +0 longbow.
The deep elf archer wields a +0 short sword.
The deep elf archer hits you but does no damage.
You slice the deep elf archer!!
The deep elf archer is severely wounded.
The deep elf archer mumbles some strange words.
The deep elf archer blinks!
The deep elf archer unwields a +0 short sword.
The deep elf archer wields a +0 longbow.
The deep elf archer shoots an arrow.
You block the arrow.
Your icy envelope is restored.
The deep elf archer shoots an arrow.
You block the arrow.
The deep elf archer shoots an arrow.
You block the arrow.
The deep elf archer shoots an arrow.
The arrow hits you!
* * * LOW HITPOINT WARNING * * *
The deep elf archer shoots an arrow.
The arrow hits you!
You die...

#..........
#.#....?.
#.##...## #
#.#....##.#
#.......#.# #.
###.........##.#
#...#........#.#
#.# #..........#
###...@.#.##
##..◑#.#.#
#....## .# #...e#
? #....##
##>.#..##
###.(.#.#)# #
.###..#...))#...#
. #
#...#######.##.##


You could see a deep elf archer (repels missiles).

Vanquished Creatures
  Bai Suzhen (Depths:1)
  Saint Roka (Depths:1)
  Rupert (Lair:3)
  Agnes (D:14)
  Kirke (D:12)
  A frost giant (D:15)
  A broodmother (Lair:3)
  5 very ugly things (Depths:1)
  A caustic shrike skeleton (Depths:1)
  The ghost of LobsterGuardian the Nimble, a journeyman DrSh of Gozag (Lair:5)
  A stone giant (Depths:1)
  The ghost of Masimoik the Fighter, a journeyman OgFE of Vehumet (D:9)
  Nessos (D:14)
  2 ettins
  A fire dragon (Depths:1)
  3 ice dragons
  Erica (D:9)
  A spriggan skeleton (Depths:1)
  5 hydras
  2 two-headed ogres
  A deep troll shaman (D:15)
  2 tengu warriors (Depths:1)
  5 centaur warriors
  4 dancing weapons
  Urug (D:14)
  A spriggan berserker (D:15)
  A demonic crawler (Spider:1)
  2 boulder beetles
  2 orc high priests
  Sonja (Lair:4)
  5 deep elf knights (Elf:1)
  An iron troll (D:15)
  7 skeletal warriors
  A spark wasp zombie (Depths:1)
  A skyshark (Lair:5)
  3 deep trolls (D:15)
  An orb spider (Spider:1)
  4 orange crystal statues (Orc:2)
  5 deep elf archers (Elf:1)
  A lindwurm (Lair:5)
  2 wizards (Depths:1)
  A golden dragon skeleton (Depths:1)
  6 deep elf pyromancers
  7 deep elf zephyrmancers (Elf:1)
  12 orc knights
  A necromancer (Depths:1)
  3 orc sorcerers
  7 ugly things
  A wolf spider (Spider:1)
  A salamander (shapeshifter) (D:15)
  4 cyclopes
  A stone giant zombie (Depths:1)
  A manticore (D:12)
  20 elephants
  7 black mambas
  2 gargoyles (D:12)
  Maggie (D:6)
  8 cane toads
  An unseen horror (D:11)
  6 torpor snails
  4 komodo dragons
  2 rime drakes
  2 efreet
  3 tengu conjurers
  3 polar bears
  4 trolls
  A meliai (D:14)
  4 tyrant leeches (Lair:5)
  Grinder (D:6)
  A dream sheep (shapeshifter) (D:13)
  7 hornets (Lair:5)
  A blink frog (shapeshifter) (D:15)
  12 blink frogs
  7 dream sheep (Lair:5)
  9 slime creatures
  A culicivora (Spider:1)
  2 shadows
  2 vampires
  Sigmund (D:4)
  4 wyverns
  68 yaks
  2 hogs (D:12)
  18 humans
  A basilisk (D:15)
  4 steam dragons
  2 wraiths
  10 vampire mosquitoes
  7 water elementals
  4 redbacks
  A fire bat (shapeshifter) (D:15)
  10 wargs
  Edmund (D:4)
  Duvessa (D:6)
  15 water moccasins
  A floating eye (shapeshifter) (D:14)
  2 sky beasts
  4 ice beasts
  59 orc warriors
  The ghost of cforsyth the Insei, an amateur MeSh of Trog (D:3)
  2 black bears (Lair:2)
  4 wolves
  11 centaurs
  4 ogres
  A tengu (shapeshifter) (D:11)
  A phantom (D:6)
  Blork the orc (D:5)
  11 bullfrogs
  A kobold brigand (D:9)
  2 gnoll sergeants
  2 scorpions
  An earth elemental (Elf:1)
  3 wights (D:10)
  Dowan (D:6)
  7 killer bees (D:7)
  An electric eel (D:14)
  3 howler monkeys
  5 hounds
  4 jellies
  3 gnoll boudas
  16 orc priests
  3 iguanas
  Terence (D:2)
  13 orc wizards
  7 adders
  10 gnolls
  4 shadow imps
  2 worms
  2 dart slugs
  96 orcs
  4 bats
  8 endoplasms
  A giant cockroach (D:2)
  4 hobgoblins
  10 kobolds
  5 quokkas
  8 ball pythons
  7 frilled lizards
  12 goblins
  4 rats
740 creatures vanquished.

Vanquished Creatures (others)
  A redback (Spider:1)
  A bullfrog (D:7)
  A scorpion (D:7)
  An orc priest (D:7)
  A gnoll bouda (D:7)
  An orc wizard (D:7)
  23 spectral weapons
29 creatures vanquished.

Grand Total: 769 creatures vanquished

Notes
Turn   | Place    | Note
-------+----------+-------------------------------------------
     0 | D:1      | HallandMoats the Demonspawn Fighter began the quest for the
                  | Orb.
     0 | D:1      | Reached XP level 1. HP: 18/18 MP: 1/1
   108 | D:1      | Gained mutation: A meltable shield of frost defends you.
                  | (SH +4) [demonic ancestry]
   108 | D:1      | Reached XP level 2. HP: 16/24 MP: 2/2
   586 | D:2      | Gained mutation: You are partially covered in sharp spines.
                  | [demonic ancestry]
   586 | D:2      | Reached XP level 3. HP: 30/30 MP: 3/3
   911 | D:2      | Noticed Terence
   917 | D:2      | Killed Terence
   918 | D:2      | Reached skill level 4 in Fighting
   918 | D:2      | Gained mutation: You have a pair of small antennae on your
                  | head. [demonic ancestry]
   918 | D:2      | Reached XP level 4. HP: 34/37 MP: 4/4
  1084 | D:3      | Noticed an ice beast
  1264 | D:3      | Identified the +5 ring mail "Tybbih Rixui" {Contam rN+
                  | rCorr Int+6}
  1264 | D:3      | Identified the +0 buckler of Etrog {rC+}
  1264 | D:3      | Noticed a gnoll sergeant
  1344 | D:3      | Found a transporter.
  1349 | D:3      | Found a transporter.
  1705 | D:3      | Killed an ice beast
  1706 | D:3      | Gained mutation: You have a pair of antennae on your head.
                  | [demonic ancestry]
  1706 | D:3      | Reached XP level 5. HP: 43/43 MP: 5/5
  1879 | D:4      | Reached skill level 5 in Fighting
  2226 | D:4      | Noticed Sigmund
  2236 | D:4      | Killed Sigmund
  2237 | D:4      | Reached XP level 6. HP: 49/51 MP: 6/6
  2257 | D:4      | Noticed Edmund
  2266 | D:4      | Killed Edmund
  2342 | D:4      | Reached skill level 6 in Fighting
  2391 | D:4      | Reached XP level 7. HP: 44/58 MP: 7/7
  2481 | D:4      | Found an iron altar of Okawaru.
  2494 | D:4      | Became a worshipper of Warmaster Okawaru
  2742 | D:4      | Found a staircase to the Ecumenical Temple.
  2829 | D:5      | Entered Level 5 of the Dungeon
  3078 | D:5      | Found Myqait's Antique Armour Shop.
  3234 | D:5      | Noticed Blork the orc
  3239 | D:5      | Killed Blork the orc
  3240 | D:5      | Reached skill level 7 in Fighting
  3334 | D:5      | Found an opulent altar of Gozag.
  3418 | D:5      | Reached * piety under Okawaru
  3438 | D:5      | Reached skill level 5 in Shields
  3632 | D:6      | Noticed Grinder
  3638 | D:6      | Killed Grinder
  3639 | D:6      | Gained mutation: You have a pair of large antennae on your
                  | head. (SInv) [demonic ancestry]
  3639 | D:6      | Reached XP level 8. HP: 64/67 MP: 8/8
  3812 | D:6      | Reached skill level 8 in Fighting
  3812 | D:6      | Reached skill level 5 in Axes
  3916 | D:6      | Reached ** piety under Okawaru
  4219 | D:3      | Noticed cforsyth's ghost (amateur MeSh)
  4233 | D:3      | Killed cforsyth's ghost
  4701 | D:7      | Found a burning altar of Makhleb.
  4701 | D:7      | Found a snail-covered altar of Cheibriados.
  4834 | D:6      | Noticed Maggie
  4842 | D:6      | Killed Maggie
  4843 | D:6      | Reached skill level 9 in Fighting
  4843 | D:6      | Reached XP level 9. HP: 49/76 MP: 9/9
  4949 | D:6      | Found a broken altar of Ashenzari.
  4949 | D:6      | Noticed Duvessa
  4949 | D:6      | Noticed Dowan
  4962 | D:6      | Killed Duvessa
  4976 | D:6      | Killed Dowan
  5187 | D:7      | Identified the +4 dagger of Famine {vamp, Drain rPois rF+}
  5288 | D:7      | Reached *** piety under Okawaru
  5342 | D:7      | Reached skill level 10 in Fighting
  5664 | D:7      | Reached **** piety under Okawaru
  6138 | D:7      | Found a shimmering altar of Xom.
  6450 | D:8      | Gained mutation: A meltable icy envelope protects you from
                  | harm. (AC +8) [demonic ancestry]
  6450 | D:8      | Reached XP level 10. HP: 86/86 MP: 10/10
  6455 | D:8      | Identified the ring "Taprerph" {+Blink rPois rN+ Will++
                  | Str-3}
  7076 | D:8      | Found a basalt altar of Yredelemnul.
  7196 | D:9      | Reached skill level 11 in Fighting
  7267 | D:9      | Noticed Erica
  7288 | D:9      | Killed Erica
  7525 | D:9      | Found a blossoming altar of Fedhas.
  7550 | D:9      | Found a staircase to the Orcish Mines.
  7920 | D:10     | Entered Level 10 of the Dungeon
  8064 | D:10     | Identified the +1 morningstar of the Sixty-Six Runes
                  | {drain, Dex+4}
  8156 | D:10     | HP: 4/89 [yak (12)]
  8503 | D:10     | Reached skill level 12 in Fighting
  8579 | D:10     | Found a radiant altar of Vehumet.
  8618 | D:10     | Reached ***** piety under Okawaru
  8724 | D:10     | Found a staircase to the Lair.
  8755 | D:10     | Identified the +3 dire flail of Okawaru's Delight {venom,
                  | +Blink Will+ SInv Stlth+}
  8900 | D:10     | Found a portal to a secret trove of treasure.
  9270 | D:11     | Noticed a two-headed ogre
  9471 | D:11     | Killed a two-headed ogre
  9472 | D:11     | Gained mutation: A meltable icy envelope protects you from
                  | harm. (AC +8) [demonic ancestry]
  9472 | D:11     | Reached XP level 11. HP: 76/96 MP: 7/11
 10128 | D:11     | Noticed a boulder beetle
 10153 | D:11     | Killed a boulder beetle
 10302 | D:11     | Reached skill level 13 in Fighting
 10441 | D:11     | Noticed a skeletal warrior
 10442 | D:11     | Noticed a skeletal warrior
 10477 | D:10     | Killed a skeletal warrior
 10477 | D:10     | Identified the +0 scale mail of Wariness {+Blink} (Okawaru
                  | gifted it to you on level 10 of the Dungeon)
 10477 | D:10     | Received a gift from Okawaru
 10938 | D:11     | Killed a skeletal warrior
 11102 | D:11     | Noticed a skeletal warrior
 11103 | D:11     | Noticed a skeletal warrior
 11146 | D:10     | HP: 4/98 [skeletal warrior/+0 flail (10)]
 11147 | D:10     | Killed a skeletal warrior
 11536 | D:11     | Killed a skeletal warrior
 12203 | D:12     | Reached skill level 10 in Invocations
 12203 | D:12     | Gained mutation: You are partially covered in slimy green
                  | scales. (AC +2) [demonic ancestry]
 12203 | D:12     | Reached XP level 12. HP: 106/106 MP: 11/19
 12352 | D:12     | Noticed Kirke
 12386 | D:12     | Killed Kirke
 12387 | D:12     | Reached skill level 1 in Dodging
 12666 | D:12     | Noticed a centaur warrior
 12680 | D:12     | Killed a centaur warrior
 12681 | D:12     | Reached skill level 14 in Fighting
 12795 | D:12     | Reached XP level 13. HP: 83/113 MP: 14/21
 14530 | D:14     | Found a hide-covered altar of Uskayaw.
 14729 | D:14     | Noticed Agnes
 14743 | D:14     | Killed Agnes
 14743 | D:14     | Identified the +2 cloak of Okawaru's Displeasure {rF+}
                  | (Okawaru gifted it to you on level 14 of the Dungeon)
 14743 | D:14     | Received a gift from Okawaru
 14927 | D:14     | Noticed Nessos
 14944 | D:14     | Killed Nessos
 15164 | D:14     | Reached skill level 5 in Dodging
 15191 | D:14     | Found a gate to the Vaults.
 15191 | D:14     | Noticed Urug
 15346 | D:14     | Reached skill level 15 in Fighting
 15355 | D:14     | Killed Urug
 15841 | D:15     | Entered Level 15 of the Dungeon
 15879 | D:14     | Reached skill level 10 in Axes
 15879 | D:14     | Reached skill level 5 in Armour
 17173 | D:15     | Found an opulent altar of Gozag.
 17223 | D:15     | Received a gift from Okawaru
 17256 | D:15     | Gained mutation: You are mostly covered in slimy green
                  | scales. (AC +3) [demonic ancestry]
 17256 | D:15     | Reached XP level 14. HP: 77/123 MP: 14/23
 18066 | D:15     | Found a staircase to the Depths.
 18488 | Lair:1   | Entered Level 1 of the Lair of Beasts
 18488 | Lair:1   | You fall into a shaft and drop 1 floor!
 19410 | Lair:1   | Reached skill level 16 in Fighting
 19629 | Lair:2   | Identified a scroll of acquirement
 19632 | Lair:2   | Acquired 777 gold pieces
 19837 | Lair:2   | Identified the +5 battleaxe of the Dancing Mosquito {venom,
                  | rCorr Str+3 Dex+6} (Okawaru gifted it to you on level 2 of
                  | the Lair of Beasts)
 19837 | Lair:2   | Received a gift from Okawaru
 20649 | Lair:3   | Found a hole to the Spider Nest.
 20659 | Lair:3   | Noticed Rupert
 20685 | Lair:3   | Killed Rupert
 21049 | Lair:3   | Found a staircase to the Shoals.
 21832 | Lair:4   | Received a gift from Okawaru
 22183 | Lair:4   | Noticed Sonja
 22206 | Lair:4   | Killed Sonja
 22383 | Lair:4   | Found a runed translucent door.
 22385 | Lair:4   | Found a staircase to the Slime Pits.
 22650 | Lair:5   | Entered Level 5 of the Lair of Beasts
 22665 | Lair:5   | Reached XP level 15. HP: 125/133 MP: 22/25
 22839 | Lair:5   | Reached skill level 17 in Fighting
 23256 | Lair:5   | Found a runed translucent door.
 23330 | Lair:5   | Reached ****** piety under Okawaru
 24292 | Lair:5   | Found a shimmering altar of Xom.
 24292 | Lair:5   | Noticed LobsterGuardian's ghost (journeyman DrSh)
 24293 | Lair:5   | Found a runed translucent door.
 24736 | Lair:5   | Reached skill level 10 in Dodging
 25010 | Lair:5   | Killed LobsterGuardian's ghost
 25258 | Orc:1    | Entered Level 1 of the Orcish Mines
 25268 | Orc:1    | Found a runed translucent gate.
 25269 | Orc:1    | Found a runed translucent gate.
 25271 | Orc:1    | Found a runed translucent gate.
 25271 | Orc:1    | Found an opulent altar of Gozag.
 25271 | Orc:1    | Found Loicsif's Assorted Antiques.
 25272 | Orc:1    | Noticed Masimoik's ghost (journeyman OgFE)
 25333 | Orc:1    | Received a gift from Okawaru
 25340 | Orc:1    | Found a shimmering altar of Xom.
 25805 | D:9      | Killed Masimoik's ghost
 26157 | Orc:2    | Entered Level 2 of the Orcish Mines
 26508 | Orc:2    | Found Fuff's Weapon Shop.
 26613 | Orc:2    | Found Simozoyg's Jewellery Emporium.
 26757 | Orc:2    | Found a runed translucent door.
 26780 | Orc:2    | Found the +10 tower shield of Ignorance {rN+ Int-4}
 26821 | Orc:2    | Found a runed translucent door.
 27117 | Orc:2    | Found a staircase to the Elven Halls.
 27149 | Orc:2    | Found Siahal's Jewellery Shop.
 27149 | Orc:2    | Found Kesehyas's Antique Weapon Emporium.
 27314 | Orc:2    | Gained mutation: You expend magic power (3 MP) to
                  | strengthen your wands. [potion of mutation]
 27314 | Orc:2    | Gained mutation: You are agile. (Dex +4, Str/Int -1)
                  | [potion of mutation]
 27345 | Elf:1    | Entered Level 1 of the Elven Halls
 27367 | Elf:1    | Identified the +8 plate armour "Fusoicw" {rPois Will+
                  | Dex+4} (Okawaru gifted it to you on level 1 of the Elven
                  | Halls)
 27367 | Elf:1    | Received a gift from Okawaru
 27653 | Depths:1 | Entered Level 1 of the Depths
 27678 | Depths:1 | Reached skill level 18 in Fighting
 27812 | Depths:1 | Found an ancient bone altar of Kikubaaqudgha.
 27835 | Depths:1 | Reached XP level 16. HP: 96/143 MP: 21/27
 27885 | Depths:1 | Found a gateway to Hell.
 27889 | Depths:1 | Noticed Saint Roka
 27894 | Depths:1 | Noticed Bai Suzhen
 27911 | Depths:1 | Killed Saint Roka
 27912 | Depths:1 | Reached skill level 15 in Invocations
 27929 | Depths:1 | Killed Bai Suzhen
 28846 | Depths:1 | Found Badej's Weapon Boutique.
 29251 | Depths:1 | Found Cuna Oxzy's Magic Scroll Emporium.
 29251 | Depths:1 | Found Boury's Assorted Antiques.
 29340 | Depths:1 | Bought a scroll of revelation for 127 gold pieces
 29340 | Depths:1 | Bought a scroll of teleportation for 51 gold pieces
 29340 | Depths:1 | Bought a scroll of identify for 34 gold pieces
 29340 | Depths:1 | Bought a scroll of teleportation for 51 gold pieces
 29340 | Depths:1 | Bought a scroll of brand weapon for 161 gold pieces
 29348 | Depths:1 | Bought a scroll of revelation for 367 gold pieces
 29376 | Depths:1 | Identified the +2 hand axe of the Aged Stories {spect, MP+9
                  | Str+3} (Okawaru gifted it to you on level 1 of the Depths)
 29376 | Depths:1 | Received a gift from Okawaru
 29454 | Depths:1 | Found Lawuinot's Antique Armour Shoppe.
 29460 | Depths:1 | Bought an aquamarine-studded scale mail for 396 gold pieces
 29460 | Depths:1 | Identified the +3 scale mail of Gath {Str+2} (You bought it
                  | in a shop on level 1 of the Depths)
 29460 | Depths:1 | Bought an obsidian-encrusted scale mail for 396 gold pieces
 29460 | Depths:1 | Identified the +4 scale mail of Sin {Slay+2} (You bought it
                  | in a shop on level 1 of the Depths)
 29788 | Spider:1 | Entered Level 1 of the Spider Nest
 32210 | Elf:1    | Lost intelligence.
 32214 | Elf:1    | Gained mutation: You sometimes lose your temper in combat.
                  | [mutagenic glow]
 35502 | Elf:1    | Glimpsed the power of Zot.
 35829 | Elf:1    | Glimpsed the power of Zot.
 40632 | Orc:2    | Glimpsed the power of Zot.
 40966 | Orc:2    | Glimpsed the power of Zot.
 41232 | Orc:2    | Glimpsed the power of Zot.
 41299 | Orc:2    | Touched by the power of Zot (MHP 145 -> 118)
 41300 | Orc:2    | Glimpsed the power of Zot.
 41633 | Orc:2    | Glimpsed the power of Zot.
 41900 | Orc:2    | Glimpsed the power of Zot.
 41966 | Orc:2    | Touched by the power of Zot (MHP 118 -> 96)
 41967 | Orc:2    | Glimpsed the power of Zot.
 42062 | Elf:1    | Shot with an arrow by a deep elf archer

Illustrated notes

Levels and vault maps discovered:
D:1:      tekkud_arrival_beachfront_property, layout_rooms,
          corexii_item_surrounded_by_moat
D:2:      layout_rooms, minmay_unequal, uniq_terence
D:3:      layout_loops_ring, gammafunk_ghost_gnarly_gnolls,
          minmay_goblin_outpost
D:4:      layout_basic, mainiacjoe_overflow_alcove_4, minmay_temple_entry_fiery,
          chequers_serial_rivers_marsh, sigmund_edmund_badplayer
D:5:      layout_cave_pools, nicolae_overflow_hidden_temple, serial_shops,
          nicolae_shop_dealshenge, grunt_decor_one_mirror,
          guppyfry_early_lair_pool, uniq_blork_the_orc
D:6:      layout_loops_ring, ashenzari_conservatory_becter, uniq_duvessa,
          uniq_maggie, uniq_edmund, uniq_grinder
D:7:      minmay_general_purpose_star, layout_loops_ring, xom_confusion_cloud,
          grunt_temple_overflow_open, grunt_ministairs_15
D:8:      layout_loops_ring, kennysheep_mini, kennysheep_path_1
D:9:      layout_roguey, mainiacjoe_overflow_concentric_impassable, orc_0_dummy,
          uniq_erica
D:10:     layout_gridville, nicolae_vehumet_altar_sigil, david_lair_shrubbed,
          nicolae_trove_entry_isolated
D:11:     layout_gridville
D:12:     layout_roguey, uniq_kirke
D:13:     layout_loops_ring
D:14:     layout_basic, david_vaults_3, hex_intersection,
          kennysheep_cross_bottleneck, nicolae_uskayaw_dance_hall, uniq_agnes,
          uniq_nessos
D:15:     grunt_enter_depths_hoard, layout_basic, grunt_gozag_breadcrumbs
Lair:1:   layout_cave_pods
Lair:2:   layout_cave_shapes, wad_woods_river_01, infiniplex_staircase_pool_2
Lair:3:   layout_small_grid, minmay_shoals_entry_centaurs, spider_nest_entry_a,
          serial_rivers, chequers_serial_rivers_marsh,
          chequers_serial_rivers_micro_b, chequers_serial_rivers_large_a,
          chequers_serial_rivers_micro_e, chequers_serial_rivers_small_3,
          grunt_forest_small_clearings, uniq_rupert
Lair:4:   layout_concentric_octagons, slime_entry_2,
          pdpol_lair_neglected_garden, wad_woods_road_05, uniq_sonja, uniq_urug
Lair:5:   wormcave, layout_cave_shapes, ebering_ghost_xom, lemuel_fruit_tree
Spider:1: mumra_spider_spiderweb
Orc:1:    layout_caves, basic_altar, ebering_ghost_gozag
Orc:2:    st_orc_town, layout_caves, chequers_guarded_unrand_ignorance
Elf:1:    eino_elf_arrival_customs, layout_loops_ring, hangedman_corner_corridor
Depths:1: layout_cave_pools, nicolae_elyvilon_temple_path, serial_shops, shop,
          shop, nicolae_shop_behind_doors, kennysheep_little_box, hell_entry,
          grunt_ministairs_15, nicolae_kikubaaqudgha_miasma_corner,
          uniq_saint_roka, uniq_bai_suzhen

Skill      XL: |  1  2  3  4  5  6  7  8  9 10 11 12 13 14 15 16 |
---------------+-------------------------------------------------+-----
Axes           | 2 3 4 5 6 8 9 10 11 12 | 12.6
Shields        | 3 4 5 6 7 8 9 |  9.2
Fighting       | 4 5 6 7 9 10 12 13 14 15 16 18 | 18.9
Invocations    | 10 12 13 14 15 | 15.7
Armour         | 3 5 7 8 9 |  9.5
Dodging        | 2 6 9 11 12 | 12.1

Action                     |  1- 3 |  4- 6 |  7- 9 | 10-12 | 13-15 | 16-18 || total
---------------------------+-------+-------+-------+-------+-------+-------++-------
  Melee: War axe           |    96 |       |       |       |   113 |       ||   209
         Hand axe          |       |    60 |   242 |   531 |  1524 |       ||  2357
         Unarmed           |       |       |       |     2 |       |       ||     2
         Broad axe         |       |       |       |       |   229 |   302 ||   531
 Invoke: Heroism           |       |       |     1 |     8 |    11 |     6 ||    26
         Finesse           |       |       |       |       |     2 |     1 ||     3
  Evoke: Wand              |       |       |       |       |     3 |       ||     3
    Use: Potion            |     1 |     2 |     5 |     4 |     9 |     5 ||    26
         Scroll            |       |     3 |       |    19 |    16 |     3 ||    41
   Stab: Distracted        |       |       |       |     5 |    28 |       ||    33
 Armour: Scale mail        |    48 |    20 |    39 |       |       |       ||   107
         Ring mail         |       |       |    41 |   151 |   755 |   151 ||  1098
         Skin              |       |       |       |     8 |       |       ||     8
         Plate armour      |       |       |       |       |       |    47 ||    47
  Dodge: Dodged            |    32 |    17 |    94 |   156 |   776 |   258 ||  1333
  Block: Buckler           |    55 |    36 |   103 |   223 |   819 |   228 ||  1464
         Form:             |       |       |       |     1 |       |       ||     1
         Dragon            |       |       |       |     1 |       |       ||     1

Table legend: (Time is in decaauts)
 A = Elapsed time spent in this place.
 B = Non-inter-level travel time spent in this place.
 C = Inter-level travel time spent in this place.
 D = Time resting spent in this place.
 E = Time spent auto-exploring this place.
 F = Levels seen in this place.
 G = Mean time per level.
                   A        B        C        D        E       F      G
               +--------+--------+--------+--------+--------+-----+--------+
         Total |  46723 |  44920 |   1803 |  22403 |  15804 |  25 | 1868.9 |
       Dungeon |  19536 |  18386 |   1150 |   4817 |  10022 |  15 | 1302.4 |
          Lair |   7073 |   6689 |    384 |   1204 |   3942 |   5 | 1414.6 |
   Spider Nest |    138 |    138 |      0 |     94 |      0 |   1 |  138.0 |
  Orcish Mines |  13007 |  12854 |    153 |  10868 |   1256 |   2 | 6503.5 |
   Elven Halls |   5695 |   5616 |     79 |   5013 |     54 |   1 | 5695.0 |
        Depths |   1272 |   1235 |     37 |    407 |    529 |   1 | 1272.0 |
               +--------+--------+--------+--------+--------+-----+--------+

Top non-repeatable levels by time:
   Orc:2: 12269 daAuts
   Elf:1: 5695 daAuts
    D:15: 2608 daAuts
    D:10: 2411 daAuts
  Lair:5: 2324 daAuts
    D:14: 2079 daAuts
    D:11: 2007 daAuts
  Lair:3: 1482 daAuts
  Lair:2: 1299 daAuts
Depths:1: 1272 daAuts
    D:12: 1258 daAuts
     D:7: 1229 daAuts
     D:3: 1170 daAuts
    D:13: 1065 daAuts
     D:4: 1050 daAuts
